 Dungeon Crawl Stone Soup version 0.18-b1-18-g7758cf2 (webtiles) character file.

1234 Zhenya25pyc the Cudgeler (level 8, -10/50 HPs)
             Began as a Gargoyle Fighter on May 2, 2016.
             Killed by divine providence
             ... invoked by an orc priest
              (15 damage)
             ... on level 6 of the Dungeon.
             The game lasted 00:12:17 (4063 turns).

Zhenya25pyc the Cudgeler (Gargoyle Fighter)         Turns: 4063, Time: 00:12:20

Health: -10/50     AC: 27    Str: 22    XL:     8   Next: 48%
Magic:  8/8        EV:  2    Int:  9    God:
Gold:   285        SH: 10    Dex:  9    Spells: 0 memorised, 7 levels left

rFire  . . .     SeeInvis .     A - +2 flail (pain)
rCold  . . .     Gourm    .     o - +0 crystal plate armour
rNeg   + . .     Faith    .     c - +0 shield
rPois  ∞         Spirit   .     j - +0 helmet
rElec  +         Dismiss  .     C - +2 cloak {MR+}
rCorr  .         Reflect  .     (no gloves)
SustAt .         Harm     .     (no boots)
MR     +....                    (no amulet)
Stlth  ..........               B - ring of stealth (curse)
                                v - ring of stealth

@: somewhat resistant to hostile enchantments, extremely unstealthy
A: negative energy resistance 1, electricity resistance, unbreathing,
petrification resistance, rot immunity, AC +5
a: no special abilities


You were on level 6 of the Dungeon.
You were not hungry.

You visited 1 branch of the dungeon, and saw 6 of its levels.

You collected 285 gold pieces.

Inventory:

Hand Weapons
 A - a +2 flail of pain (weapon)
Armour
 c - a +0 shield (worn)
 j - a +0 helmet (worn)
 o - a +0 crystal plate armour (worn)
 C - a +2 cloak of magic resistance (worn)
Jewellery
 v - a ring of stealth (left hand)
 B - a cursed ring of stealth (right hand)
Wands
 s - a wand of teleportation (3/9)
 t - a wand of disintegration (16/24)
Scrolls
 a - 3 scrolls of enchant weapon {unknown}
 b - 2 scrolls of recharging {unknown}
 l - 3 scrolls of teleportation {unknown}
 m - 7 scrolls of identify {unknown}
 n - 5 scrolls of remove curse {unknown}
 p - 3 scrolls of blinking {unknown}
 q - 3 scrolls of random uselessness {unknown}
 u - 2 scrolls of fog {unknown}
 x - a scroll of immolation {unknown}
 y - a scroll of magic mapping {unknown}
 z - 4 scrolls of fear {unknown}
Potions
 d - 2 potions of might
 e - 2 potions of curing {unknown}
 g - a potion of agility {unknown}
 h - 2 potions of lignification {unknown}
 i - a potion of magic {unknown}
 w - a potion of berserk rage {unknown}
Books
 r - a book of Summonings

   Spells                             Type                      Level
   a - Recall                         Summoning/Translocation      3
   b - Aura of Abjuration             Summoning                    5
   c - Summon Demon                   Summoning                    5
   d - Summon Forest                  Summoning/Translocation      5
   e - Summon Mana Viper              Hexes/Summoning              5
   f - Shadow Creatures               Summoning                    6
Comestibles
 f - 4 bread rations
 k - 3 meat rations
 D - a chunk of flesh


   Skills:
 + Level 5.6 Fighting
 * Level 6.6 Maces & Flails
 + Level 5.9 Armour
 + Level 5.8 Shields


You had 7 spell levels left.
You didn't know any spells.

Dungeon Overview and Level Annotations

Branches:
Dungeon (6/15)
 Temple: D:4-7

Altars:
Dithmenos
Trog
Vehumet
Xom

Shops:
D:5 %


Innate Abilities, Weirdness & Mutations

You are resistant to torment.
Your stone body is resilient (AC +5).
You are immune to poison.
You resist negative energy.
You are resistant to electric shocks.
You can survive without breathing.
You are immune to petrification.
You are immune to rotting.


Message History

You are too injured to fight recklessly!
You are too injured to fight recklessly!
You are too injured to fight recklessly!
You are too injured to fight recklessly!
You are too injured to fight recklessly!
You are too injured to fight recklessly!
You are too injured to fight recklessly!
You are too injured to fight recklessly!
Your crystal plate armour prevents you from hitting the orc warrior.
The orc warrior is heavily wounded.
The orc wizard casts a spell.
The orc wizard blinks!
The orc warrior hits you with a flail!
* * * LOW HITPOINT WARNING * * *
You hit the orc warrior but do no damage.
The orc warrior is heavily wounded.
The orc warrior hits you with a flail.
* * * LOW HITPOINT WARNING * * *
The orc priest calls down the wrath of Beogh upon you.
Beogh smites you!
You die...

........# #.#.#
#.#.###.#####.#.#
#.#.............#
#.#####.#####.###
#.#####.# #.#
......#.#####.#
#>............##
#######.####...####.#
#......#..@ooo#
#.####..<###o.# #.#
##.## o# #######.#
... # ........# ..#.
#########..### #.. #.


You could see an orc warrior, an orc priest, an orc wizard and 2 orcs.

Vanquished Creatures
  Menkaure (D:5)
  The ghost of unh01y the Covert, an amateur OpAs (D:3)
  Edmund (D:4)
  Duvessa (D:5)
  An ogre (D:5)
  A centaur (D:5)
  A giant frog (D:6)
  Dowan (D:5)
  A howler monkey (D:4)
  A crimson imp (D:5)
  A giant frog zombie (D:5)
  A hound (D:5)
  A giant frog skeleton (D:6)
  4 orc wizards
  A hound zombie (D:6)
  3 gnolls (D:6)
  7 adders
  4 oozes
  An adder skeleton (D:4)
  5 dart slugs
  3 giant geckos
  9 orcs
  3 giant cockroaches
  5 goblins
  6 hobgoblins
  6 jackals
  A quokka (D:2)
  6 bats
  2 giant newts
  12 kobolds
  6 rats
97 creatures vanquished.

Notes
Turn   | Place    | Note
--------------------------------------------------------------
     0 | D:1      | Zhenya25pyc the Gargoyle Fighter began the quest for the Orb.
     0 | D:1      | Reached XP level 1. HP: 14/14 MP: 1/1
    98 | D:1      | Reached XP level 2. HP: 15/19 MP: 2/2
   516 | D:1      | Reached XP level 3. HP: 23/23 MP: 3/3
   662 | D:2      | Reached skill level 3 in Maces & Flails
   900 | D:2      | Reached XP level 4. HP: 26/28 MP: 4/4
  1630 | D:3      | Noticed unh01y's ghost (amateur OpAs)
  1645 | D:3      | Killed unh01y's ghost
  1645 | D:3      | Reached skill level 4 in Maces & Flails
  1645 | D:3      | Reached XP level 5. HP: 28/33 MP: 5/5
  1760 | D:3      | Found a radiant altar of Vehumet.
  2060 | D:3      | Found a shimmering altar of Xom.
  2228 | D:4      | Noticed Edmund
  2245 | D:4      | Killed Edmund
  2245 | D:4      | Reached XP level 6. HP: 37/39 MP: 6/6
  2529 | D:4      | Found a shadowy altar of Dithmenos.
  2534 | D:4      | Reached XP level 7. HP: 43/44 MP: 7/7
  2785 | D:4      | Reached skill level 5 in Maces & Flails
  2785 | D:4      | Reached skill level 5 in Armour
  2932 | D:5      | Entered Level 5 of the Dungeon
  3069 | D:5      | Reached skill level 5 in Shields
  3207 | D:5      | Found Cazawewn's Food Emporium.
  3341 | D:5      | Reached skill level 5 in Fighting
  3474 | D:5      | Noticed Menkaure
  3484 | D:5      | Killed Menkaure
  3484 | D:5      | Reached skill level 6 in Maces & Flails
  3484 | D:5      | Reached XP level 8. HP: 43/49 MP: 8/8
  3783 | D:5      | Noticed Dowan
  3784 | D:5      | Noticed Duvessa
  3799 | D:5      | Killed Dowan
  3804 | D:5      | Killed Duvessa
  3881 | D:6      | Found a bloodstained altar of Trog.
  4063 | D:6      | Killed from afar by an orc priest

Skill      XL: |  1  2  3  4  5  6  7 |
---------------+----------------------+-----
Maces & Flails | 3 4 6 |  6.6
Armour         | 4 5 |  5.9
Fighting       | 4 5 |  5.6
Shields        | 4 5 |  5.8

Action                   |  1- 3 |  4- 6 |  7- 9 || total
-------------------------+-------+-------+-------++-------
Melee: Flail             |   116 |   180 |   237 ||   533
  Eat: Chunk             |       |     6 |     5 ||    11
Armor: Scale mail        |    71 |     6 |       ||    77
       Crystal plate arm |       |   228 |   180 ||   408
Dodge: Dodged            |    34 |    16 |    11 ||    61
Block: Shield            |    53 |   136 |    99 ||   288
